[ AOE2 MATCH · #495457723 ]
UnrankedBohemians vs Vikings
Player's team · LOSS
Rival team · WIN
[ REPLAY ANALYSIS · EXTRACTED FROM THE RECORDED GAME ]
Feudal
11:11
Castle
21:52
Imperial
34:51
| APM avg | 54.9 |
| APM peak | 99 |
| eAPM avg | 26.0 |
| Villagers / military | 106 / 159 |
Focus
⚔️ 26.3% · 🌾 73.7%
Skirmisher ×95 · Hand Cannoneer ×48 · Hussite Wagon ×5 · Knight ×2 · Mangonel ×2 · Spearman ×2
Feudal
8:27
Castle
21:08
Imperial
32:06
| APM avg | 30.7 |
| APM peak | 64 |
| eAPM avg | 19.2 |
| Villagers / military | 128 / 297 |
Focus
⚔️ 40.6% · 🌾 59.4%
Spearman ×138 · Skirmisher ×95 · Archer ×44 · Trebuchet (Packed) ×10 · Mangonel ×7 · Monk ×3
Match map
Initial resources + every placement click. Lines = walls · curves = elevation contours. ◆ gold · ⬟ stone · ● berries · ✦ relic · ◌ wall gap
Your base· ✓ Closed at 21:52 · 23t walls · 2 gate(s)
The French Noob's base· ✓ Closed at 21:08 · 0t walls · 2 gate(s)
Smoothed initial terrain · ◌ = detected wall gap · hover for details
Inputs per minute
— _Ctm_NeO_ - - The French Noob
Build order — _Ctm_NeO_
First 150 of 320 actions detected
| 0:02 | Build | House |
| 0:03 | Build | House |
| 0:06 | Create | Villager (Male) |
| 0:07 | Create | Villager (Male) |
| 0:07 | Create | Villager (Male) |
| 0:07 | Create | Villager (Male) |
| 0:07 | Create | Villager (Male) |
| 1:20 | Create | Villager (Male) |
| 1:20 | Create | Villager (Male) |
| 1:20 | Create | Villager (Male) |
| 2:09 | Create | Villager (Male) |
| 2:09 | Create | Villager (Male) |
| 2:09 | Create | Villager (Male) |
| 2:09 | Create | Villager (Male) |
| 2:10 | Create | Villager (Male) |
| 2:18 | Build | Lumber Camp |
| 2:36 | Create | Villager (Male) |
| 2:37 | Create | Villager (Male) |
| 3:23 | Create | Villager (Male) |
| 3:23 | Create | Villager (Male) |
| 3:24 | Create | Villager (Male) |
| 3:24 | Create | Villager (Male) |
| 3:24 | Create | Villager (Male) |
| 3:25 | Create | Villager (Male) |
| 3:55 | Build | House |
| 3:56 | Build | House |
| 4:31 | Create | Villager (Male) |
| 4:32 | Create | Villager (Male) |
| 4:52 | Create | Villager (Male) |
| 4:52 | Create | Villager (Male) |
| 4:56 | Build | Mill |
| 5:42 | Create | Villager (Male) |
| 5:53 | Build | Farm |
| 6:08 | Create | Villager (Male) |
| 6:08 | Create | Villager (Male) |
| 7:00 | Create | Villager (Male) |
| 7:12 | Build | House |
| 7:16 | Create | Villager (Male) |
| 7:16 | Create | Villager (Male) |
| 7:17 | Create | Villager (Male) |
| 7:17 | Create | Villager (Male) |
| 7:54 | Build | Mining Camp |
| 8:36 | Research | Loom |
| 8:36 | Research | Loom |
| 8:38 | Research | Feudal Age |
| 8:38 | Research | Feudal Age |
| 9:10 | Build | House |
| 9:12 | Build | Palisade Wall |
| 9:21 | Build | Palisade Wall |
| 9:40 | Build | House |
| 10:23 | Build | House |
| 10:25 | Build | Palisade Wall |
| 10:30 | Build | Palisade Wall |
| 10:32 | Build | Palisade Wall |
| 10:36 | Create | Villager (Male) |
| 10:50 | Build | Palisade Wall |
| 11:11 | Age | Feudal Age |
| 11:32 | Build | Blacksmith |
| 11:38 | Create | Villager (Male) |
| 11:38 | Create | Villager (Male) |
| 11:56 | Build | House |
| 12:00 | Build | House |
| 12:09 | Build | Palisade Wall |
| 12:23 | Create | Villager (Male) |
| 12:23 | Create | Villager (Male) |
| 12:35 | Research | Fletching |
| 12:35 | Research | Fletching |
| 12:35 | Research | Fletching |
| 12:36 | Create | Villager (Male) |
| 12:36 | Create | Villager (Male) |
| 12:44 | Build | Watch Tower |
| 12:50 | Create | Villager (Male) |
| 12:59 | Create | Villager (Male) |
| 13:04 | Create | Villager (Male) |
| 13:04 | Create | Villager (Male) |
| 13:04 | Create | Villager (Male) |
| 13:39 | Build | Watch Tower |
| 13:45 | Create | Villager (Male) |
| 13:49 | Build | Farm |
| 13:53 | Build | Market |
| 14:31 | Create | Villager (Male) |
| 14:37 | Build | Farm |
| 15:04 | Build | Farm |
| 15:10 | Build | Farm |
| 15:16 | Build | Farm |
| 15:23 | Build | Mining Camp |
| 15:30 | Build | Farm |
| 15:48 | Build | Watch Tower |
| 16:01 | Build | Lumber Camp |
| 16:47 | Build | House |
| 16:53 | Build | Watch Tower |
| 16:59 | Create | Villager (Male) |
| 17:33 | Create | Villager (Male) |
| 17:38 | Create | Villager (Male) |
| 17:38 | Create | Villager (Male) |
| 18:18 | Build | Farm |
| 18:21 | Build | Farm |
| 18:35 | Build | Farm |
| 19:02 | Create | Villager (Male) |
| 19:12 | Research | Castle Age |
| 19:12 | Research | Castle Age |
| 20:24 | Research | Double-Bit Axe |
| 20:24 | Research | Double-Bit Axe |
| 20:24 | Research | Double-Bit Axe |
| 20:27 | Research | Horse Collar |
| 20:27 | Research | Horse Collar |
| 21:52 | Age | Castle Age |
| 21:53 | Build | Palisade Wall |
| 21:58 | Create | Villager (Male) |
| 21:58 | Create | Villager (Male) |
| 22:06 | Build | Castle |
| 22:07 | Research | Bodkin Arrow |
| 22:08 | Research | Bodkin Arrow |
| 22:08 | Research | Bodkin Arrow |
| 22:32 | Build | Farm |
| 22:35 | Build | Farm |
| 22:36 | Build | Farm |
| 23:10 | Create | Hussite Wagon |
| 23:11 | Create | Hussite Wagon |
| 23:18 | Build | Siege Workshop |
| 23:19 | Create | Villager (Male) |
| 23:42 | Build | Mining Camp |
| 24:10 | Create | Battering Ram |
| 24:16 | Create | Villager (Male) |
| 24:16 | Create | Villager (Male) |
| 24:34 | Build | Mining Camp |
| 24:50 | Create | Villager (Male) |
| 24:53 | Build | Farm |
| 24:53 | Build | Farm |
| 25:26 | Create | Villager (Male) |
| 25:29 | Build | Farm |
| 25:30 | Build | Farm |
| 25:33 | Build | Farm |
| 25:59 | Build | Stone Wall |
| 26:00 | Create | Villager (Male) |
| 26:01 | Create | Villager (Male) |
| 26:01 | Create | Villager (Male) |
| 26:01 | Create | Villager (Male) |
| 26:22 | Create | Mangonel |
| 26:50 | Build | Farm |
| 26:51 | Build | Farm |
| 26:52 | Build | Farm |
| 26:53 | Build | Farm |
| 27:06 | Create | Villager (Male) |
| 27:06 | Create | Villager (Male) |
| 27:06 | Create | Villager (Male) |
| 27:07 | Create | Villager (Male) |
| 27:15 | Build | Farm |
| 27:16 | Build | Farm |
| 27:17 | Build | Farm |
Build order — The French Noob
First 150 of 439 actions detected
| 0:01 | Create | Villager (Male) |
| 0:02 | Build | House |
| 0:04 | Build | House |
| 0:13 | Create | Villager (Male) |
| 0:13 | Create | Villager (Male) |
| 0:18 | Create | Villager (Male) |
| 1:35 | Create | Villager (Male) |
| 1:57 | Build | Lumber Camp |
| 2:01 | Create | Villager (Male) |
| 2:01 | Create | Villager (Male) |
| 2:45 | Create | Villager (Male) |
| 3:14 | Build | House |
| 3:22 | Create | Villager (Male) |
| 3:23 | Create | Villager (Male) |
| 3:23 | Create | Villager (Male) |
| 3:33 | Create | Villager (Male) |
| 4:34 | Create | Villager (Male) |
| 4:46 | Create | Villager (Male) |
| 5:05 | Build | Mill |
| 5:06 | Create | Villager (Male) |
| 5:12 | Research | Loom |
| 6:06 | Research | Feudal Age |
| 6:06 | Research | Feudal Age |
| 7:06 | Build | Mining Camp |
| 7:39 | Create | Villager (Male) |
| 7:43 | Build | House |
| 8:16 | Create | Villager (Male) |
| 8:27 | Age | Feudal Age |
| 8:31 | Build | Watch Tower |
| 8:40 | Research | Double-Bit Axe |
| 8:55 | Create | Villager (Male) |
| 9:01 | Create | Villager (Male) |
| 9:32 | Build | Barracks |
| 9:55 | Create | Villager (Male) |
| 10:29 | Create | Villager (Male) |
| 10:32 | Build | Mining Camp |
| 10:35 | Build | House |
| 11:00 | Create | Villager (Male) |
| 11:00 | Create | Villager (Male) |
| 11:14 | Create | Villager (Male) |
| 11:40 | Create | Villager (Male) |
| 11:45 | Build | Watch Tower |
| 12:17 | Create | Villager (Male) |
| 12:35 | Build | Archery Range |
| 12:45 | Build | Farm |
| 12:46 | Build | Farm |
| 12:47 | Research | Horse Collar |
| 12:50 | Create | Villager (Male) |
| 12:54 | Build | House |
| 13:03 | Create | Archer |
| 13:21 | Build | Watch Tower |
| 13:31 | Build | Watch Tower |
| 13:39 | Create | Villager (Male) |
| 13:45 | Create | Archer |
| 13:53 | Build | Farm |
| 13:56 | Build | Farm |
| 14:01 | Create | Villager (Male) |
| 14:02 | Create | Archer |
| 14:17 | Create | Archer |
| 14:24 | Create | Villager (Male) |
| 14:26 | Create | Archer |
| 14:36 | Build | House |
| 14:43 | Create | Archer |
| 14:44 | Create | Villager (Male) |
| 14:52 | Build | House |
| 15:00 | Build | Farm |
| 15:05 | Build | House |
| 15:25 | Create | Archer |
| 15:30 | Create | Villager (Male) |
| 16:11 | Build | Farm |
| 16:13 | Build | Farm |
| 16:16 | Build | Farm |
| 16:17 | Create | Villager (Male) |
| 16:34 | Build | Watch Tower |
| 16:39 | Create | Villager (Male) |
| 17:00 | Create | Villager (Male) |
| 17:04 | Build | Market |
| 17:21 | Build | House |
| 17:22 | Create | Villager (Male) |
| 17:32 | Create | Villager (Male) |
| 17:57 | Build | Blacksmith |
| 18:00 | Create | Villager (Male) |
| 18:28 | Research | Castle Age |
| 18:28 | Research | Castle Age |
| 19:03 | Research | Fletching |
| 19:07 | Build | House |
| 19:20 | Research | Gold Mining |
| 19:36 | Build | House |
| 19:51 | Research | Stone Mining |
| 20:09 | Build | House |
| 20:31 | Create | Villager (Male) |
| 20:38 | Create | Villager (Male) |
| 20:49 | Build | House |
| 21:08 | Age | Castle Age |
| 21:10 | Build | Siege Workshop |
| 21:15 | Research | Bodkin Arrow |
| 21:15 | Research | Bodkin Arrow |
| 21:19 | Build | Farm |
| 21:20 | Build | Farm |
| 21:23 | Build | Farm |
| 21:27 | Create | Villager (Male) |
| 21:29 | Build | Farm |
| 21:32 | Build | Farm |
| 21:42 | Create | Mangonel |
| 21:48 | Create | Villager (Male) |
| 21:53 | Build | Mining Camp |
| 21:59 | Create | Villager (Male) |
| 22:36 | Create | Villager (Male) |
| 22:51 | Research | Bow Saw |
| 22:54 | Create | Villager (Male) |
| 23:08 | Create | Villager (Male) |
| 23:26 | Build | Monastery |
| 23:41 | Create | Villager (Male) |
| 23:45 | Create | Villager (Male) |
| 24:10 | Create | Monk |
| 24:15 | Build | Farm |
| 24:18 | Research | Heavy Plow |
| 24:35 | Create | Villager (Male) |
| 24:48 | Create | Mangonel |
| 24:58 | Create | Monk |
| 25:11 | Create | Villager (Male) |
| 25:27 | Build | Mining Camp |
| 25:34 | Create | Mangonel |
| 25:35 | Create | Villager (Male) |
| 25:52 | Create | Villager (Male) |
| 26:21 | Create | Villager (Male) |
| 26:35 | Create | Villager (Male) |
| 26:42 | Create | Mangonel |
| 26:54 | Create | Villager (Male) |
| 27:00 | Build | Lumber Camp |
| 27:02 | Build | Town Center |
| 27:09 | Build | House |
| 27:13 | Build | House |
| 27:18 | Create | Villager (Male) |
| 27:41 | Create | Monk |
| 27:49 | Create | Villager (Male) |
| 27:54 | Build | House |
| 27:55 | Build | House |
| 27:56 | Build | House |
| 27:58 | Create | Villager (Male) |
| 28:03 | Build | Town Center |
| 28:18 | Create | Villager (Male) |
| 28:56 | Research | Imperial Age |
| 29:33 | Build | House |
| 29:34 | Build | House |
| 29:37 | Create | Villager (Male) |
| 29:37 | Create | Villager (Male) |
| 29:37 | Create | Villager (Male) |
| 29:41 | Create | Villager (Male) |
| 30:08 | Build | Siege Workshop |
Match timeline
| 8:27 | The French Noob · age_up feudal |
| 9:12 | _Ctm_NeO_ · wall_segment Palisade Wall x2 |
| 9:21 | _Ctm_NeO_ · wall_segment Palisade Wall x6 |
| 9:32 | The French Noob · first_building Barracks |
| 10:25 | _Ctm_NeO_ · wall_segment Palisade Wall x5 |
| 10:30 | _Ctm_NeO_ · wall_segment Palisade Wall x3 |
| 10:32 | _Ctm_NeO_ · wall_segment Palisade Wall x5 |
| 10:50 | _Ctm_NeO_ · wall_segment Palisade Wall x1 |
| 11:11 | _Ctm_NeO_ · age_up feudal |
| 12:09 | _Ctm_NeO_ · wall_segment Palisade Wall x1 |
| 12:35 | The French Noob · first_building Archery Range |
| 15:37 | _Ctm_NeO_ · first_market_sell 100 wood |
| 15:39 | _Ctm_NeO_ · first_market_buy 100 food |
| 18:15 | The French Noob · first_market_buy 100 food |
| 21:08 | The French Noob · age_up castle |
| 21:10 | The French Noob · first_building Siege Workshop |
| 21:52 | _Ctm_NeO_ · age_up castle |
| 21:53 | _Ctm_NeO_ · wall_segment Palisade Wall x1 |
| 22:06 | _Ctm_NeO_ · first_building Castle |
| 23:18 | _Ctm_NeO_ · first_building Siege Workshop |
| 23:26 | The French Noob · first_building Monastery |
| 25:59 | _Ctm_NeO_ · wall_segment Stone Wall x1 |
| 27:49 | _Ctm_NeO_ · wall_segment Stone Wall x1 |
| 28:20 | _Ctm_NeO_ · wall_segment Stone Wall x1 |
| 30:23 | _Ctm_NeO_ · first_building Barracks |
| 30:57 | The French Noob · first_building Castle |
| 31:15 | _Ctm_NeO_ · first_building Stable |
| 32:06 | The French Noob · age_up imperial |
| 34:51 | _Ctm_NeO_ · age_up imperial |
| 35:13 | _Ctm_NeO_ · first_building Archery Range |
| 46:50 | The French Noob · first_building Stable |
| 49:10 | _Ctm_NeO_ · resign |
[ AI ANALYSIS · 1 CREDIT ]
What really happened in this match?
Wolo.gg analyzes every decision: build order, eco, micro, common mistakes by bracket. Personalized analysis on WhatsApp or Discord in 30 seconds.
Civ guide
Bohemians
Perfil
_Ctm_NeO_